| TOP OF THE 1ST |
|
New Orleans Zephyrs batting - Pitching for Indianapolis Indians : RHP Ian Toney
|
|
Pitching: RHP Ian Toney
|
|
|
Batting: RHB Boof Howell
|
0-0: Ball 1-0: Foul Ball, location: 2F 1-1: Foul Ball, location: 2F 1-2: Ground out 5-3 (Groundball, 56S, EV 88.1 MPH)
|
|
Batting: LHB David Doge
|
0-0: Ground out 5-3 (Groundball, 56S, EV 80.0 MPH)
|
|
Batting: LHB Jose Bregaro
|
0-0: Ball 1-0: Ball 2-0: SOLO HOME RUN (Flyball, 7LD, EV 97.5 MPH), Distance : 355 ft
|
|
Batting: RHB Akira Suzuki
|
0-0: Ball 1-0: Foul Ball, location: 2F 1-1: Ball 2-1: SINGLE (Line Drive, 9LS, EV 106.9 MPH)
|
|
Batting: LHB Carlos Mosqueda
|
0-0: Called Strike 0-1: Fly out, F7 (Flyball, 78M, EV 87.5 MPH)
|
| Top of the 1st over - 1 run, 2 hits, 0 errors, 1 left on base; New Orleans 1 - Indianapolis 0 |
| BOTTOM OF THE 1ST |
|
Indianapolis Indians batting - Pitching for New Orleans Zephyrs : RHP Nick Newmaster
|
|
Pitching: RHP Nick Newmaster
|
|
|
Batting: SHB Francisco Gutierrez
|
0-0: Called Strike 0-1: Ball 1-1: Foul Ball, location: 2F 1-2: Ball 2-2: Foul Ball, location: 2F 2-2: Ball 3-2: Foul Ball, location: 2F 3-2: DOUBLE (Flyball, 8LXD, EV 96.9 MPH)
|
|
Batting: RHB Caleb Russell
|
0-0: Foul Ball, location: 2F 0-1: SINGLE (Line Drive, 7S, EV 103.8 MPH) Francisco Gutierrez to third Runner from 3rd tries for Home, SAFE, throw by LF to home
|
|
Batting: LHB Jorge Quintana
|
0-0: Called Strike 0-1: Grounds into double play, 4-6-3 (Groundball, 4M, EV 80.0 MPH)
|
|
Batting: LHB Micah Boshnjaku
|
0-0: Called Strike 0-1: Foul Ball, location: 2F 0-2: Foul Ball, location: 2F 0-2: Ground out 3-1 (Groundball, 34S, EV 84.4 MPH)
|
| Bottom of the 1st over - 1 run, 2 hits, 0 errors, 0 left on base; New Orleans 1 - Indianapolis 1 |
| TOP OF THE 2ND |
|
New Orleans Zephyrs batting - Pitching for Indianapolis Indians : RHP Ian Toney
|
|
Batting: RHB Torquato Obawole
|
0-0: Ball 1-0: Called Strike 1-1: Ball 2-1: Swinging Strike 2-2: Ball 3-2: Foul Ball, location: 2F 3-2: Strikes out swinging
|
|
Batting: RHB Gavin Helton
|
0-0: Foul Ball, location: 2F 0-1: Called Strike 0-2: SINGLE (Groundball, 56D, EV 106.2 MPH)
|
|
Batting: RHB Ryuki Ogasawara
|
0-0: Ball Gavin Helton steals 2nd base 1-0: Called Strike 1-1: Foul Ball, location: 2F 1-2: Ground out 6-3 (Groundball, 6, EV 80.6 MPH) Gavin Helton to third
|
|
Batting: RHB John Jackson
|
0-0: Called Strike 0-1: Ball 1-1: Ball 2-1: Foul Ball, location: 2F 2-2: Foul Ball, location: 2F 2-2: Foul Ball, location: 2F 2-2: Foul Ball, location: 2F 2-2: Reached on error, E6 (Groundball, 6, EV 83.1 MPH) Gavin Helton scores
|
|
Batting: RHB Boof Howell
|
0-0: TRIPLE (Flyball, 89XD, EV 103.8 MPH) John Jackson scores
|
|
Batting: LHB David Doge
|
0-0: Ball 1-0: Ball 2-0: SINGLE (Flyball, 3D, EV 88.8 MPH) Boof Howell scores
|
|
Batting: LHB Jose Bregaro
|
0-0: Swinging Strike David Doge steals 2nd base 0-1: Swinging Strike 0-2: Fly out, F8 (Flyball, 8LM, EV 81.2 MPH)
|
| Top of the 2nd over - 3 runs, 3 hits, 1 error, 1 left on base; New Orleans 4 - Indianapolis 1 |
| BOTTOM OF THE 2ND |
|
Indianapolis Indians batting - Pitching for New Orleans Zephyrs : RHP Nick Newmaster
|
|
Batting: SHB Trevor Weareorwear
|
0-0: Foul Ball, location: 2F 0-1: Called Strike 0-2: Foul Ball, location: 2F 0-2: Ball 1-2: Ground out 6-3 (Groundball, 6MS, EV 84.4 MPH)
|
|
Batting: RHB Matt Keef
|
0-0: Called Strike 0-1: SOLO HOME RUN (Flyball, 9D, EV 97.5 MPH), Distance : 357 ft
|
|
Batting: RHB Terry Sutherland
|
0-0: Called Strike 0-1: Ball 1-1: Foul Ball, location: 2F 1-2: Strikes out swinging
|
|
Batting: RHB Chris McCoy
|
0-0: Ball 1-0: Ball 2-0: SINGLE (Flyball, 4MD, EV 88.1 MPH)
|
|
Batting: RHB Slamet Pamungkas
|
0-0: Foul Ball, location: 2F 0-1: Swinging Strike 0-2: Strikes out looking
|
| Bottom of the 2nd over - 1 run, 2 hits, 0 errors, 1 left on base; New Orleans 4 - Indianapolis 2 |
| TOP OF THE 3RD |
|
New Orleans Zephyrs batting - Pitching for Indianapolis Indians : RHP Ian Toney
|
|
Batting: RHB Akira Suzuki
|
0-0: Ball 1-0: Ball 2-0: Called Strike 2-1: Ball 3-1: Foul Ball, location: 2F 3-2: Ground out 6-3 (Groundball, 6, EV 87.5 MPH)
|
|
Batting: LHB Carlos Mosqueda
|
0-0: Called Strike 0-1: Foul Ball, location: 2F 0-2: Ball 1-2: Fly out, F7 (Flyball, 7S, EV 83.8 MPH)
|
|
Batting: RHB Torquato Obawole
|
0-0: Ball 1-0: Ball 2-0: Ball 3-0: Fly out, F8 (Flyball, 8LD, EV 98.8 MPH)
|
| Top of the 3rd over - 0 runs, 0 hits, 0 errors, 0 left on base; New Orleans 4 - Indianapolis 2 |
| BOTTOM OF THE 3RD |
|
Indianapolis Indians batting - Pitching for New Orleans Zephyrs : RHP Nick Newmaster
|
|
Batting: SHB Francisco Gutierrez
|
0-0: Ball 1-0: Swinging Strike 1-1: SINGLE (Line Drive, 7LS, EV 113.1 MPH)
|
|
Batting: RHB Caleb Russell
|
0-0: Swinging Strike 0-1: Ball Francisco Gutierrez is caught stealing 2nd base 2-4 1-1: Swinging Strike 1-2: Strikes out swinging
|
|
Batting: LHB Jorge Quintana
|
0-0: Ball 1-0: Foul Ball, location: 2F 1-1: Ground out 5-3 (Groundball, 56S, EV 63.1 MPH)
|
| Bottom of the 3rd over - 0 runs, 1 hit, 0 errors, 0 left on base; New Orleans 4 - Indianapolis 2 |
| TOP OF THE 4TH |
|
New Orleans Zephyrs batting - Pitching for Indianapolis Indians : RHP Ian Toney
|
|
Batting: RHB Gavin Helton
|
0-0: Ball 1-0: Called Strike 1-1: Ball 2-1: Ball 3-1: Foul Ball, location: 2F 3-2: Foul Ball, location: 2F 3-2: Foul Ball, location: 2F 3-2: Foul Ball, location: 2F 3-2: Foul Ball, location: 2F 3-2: Foul Ball, location: 2F 3-2: Strikes out looking
|
|
Batting: RHB Ryuki Ogasawara
|
0-0: SINGLE (Groundball, 34D, EV 105.6 MPH) (infield hit)
|
|
Pinch Runner at 1st Bill de Jesus:
|
|
|
Batting: RHB John Jackson
|
0-0: Called Strike 0-1: Foul Ball, location: 2F 0-2: SINGLE (Line Drive, 6D, EV 101.2 MPH) Bill de Jesus to second
|
|
Batting: RHB Boof Howell
|
0-0: Called Strike 0-1: Foul Ball, location: 2F 0-2: Ball 1-2: Foul Ball, location: 2F 1-2: Ball 2-2: Fly out, F9 (Flyball, 89M, EV 88.1 MPH)
|
|
Batting: LHB David Doge
|
0-0: Ground out 4-3 (Groundball, 4S, EV 81.2 MPH)
|
| Top of the 4th over - 0 runs, 2 hits, 0 errors, 2 left on base; New Orleans 4 - Indianapolis 2 |
| BOTTOM OF THE 4TH |
|
Indianapolis Indians batting - Pitching for New Orleans Zephyrs : RHP Nick Newmaster
|
|
Now at SS: Bill de Jesus
|
|
|
Batting: LHB Micah Boshnjaku
|
0-0: Called Strike 0-1: Swinging Strike 0-2: Ball 1-2: Ball 2-2: Strikes out swinging
|
|
Batting: SHB Trevor Weareorwear
|
0-0: Ball 1-0: Foul Ball, location: 2F 1-1: Ball 2-1: Ground out 6-3 (Groundball, P, EV 91.2 MPH)
|
|
Batting: RHB Matt Keef
|
0-0: Called Strike 0-1: Swinging Strike 0-2: Strikes out swinging
|
| Bottom of the 4th over - 0 runs, 0 hits, 0 errors, 0 left on base; New Orleans 4 - Indianapolis 2 |
| TOP OF THE 5TH |
|
New Orleans Zephyrs batting - Pitching for Indianapolis Indians : RHP Ian Toney
|
|
Batting: LHB Jose Bregaro
|
0-0: Ball 1-0: Foul Ball, location: 2F 1-1: Ball 2-1: Foul Ball, location: 2F 2-2: Ball 3-2: Strikes out swinging
|
|
Batting: RHB Akira Suzuki
|
0-0: Called Strike 0-1: Foul Ball, location: 2F 0-2: Fly out, F6 (Line Drive, 6, EV 60.0 MPH)
|
|
Batting: LHB Carlos Mosqueda
|
0-0: Foul Ball, location: 2F 0-1: Ground out 3-1 (Groundball, 34S, EV 90.6 MPH)
|
| Top of the 5th over - 0 runs, 0 hits, 0 errors, 0 left on base; New Orleans 4 - Indianapolis 2 |
| BOTTOM OF THE 5TH |
|
Indianapolis Indians batting - Pitching for New Orleans Zephyrs : RHP Nick Newmaster
|
|
Batting: RHB Terry Sutherland
|
0-0: Ball 1-0: Called Strike 1-1: Foul Ball, location: 2F 1-2: Strikes out swinging
|
|
Batting: RHB Chris McCoy
|
0-0: Ball 1-0: Foul Ball, location: 2F 1-1: Ball 2-1: Foul Ball, location: 2F 2-2: SINGLE (Line Drive, 7LS, EV 105.0 MPH)
|
|
Batting: RHB Slamet Pamungkas
|
0-0: Ball Chris McCoy is caught stealing 2nd base 2-4 1-0: Foul Ball, location: 2F 1-1: Ball 2-1: Ball 3-1: Base on Balls
|
|
Batting: SHB Francisco Gutierrez
|
0-0: Ball 1-0: Foul Ball, location: 2F 1-1: Ball 2-1: Ball 3-1: Called Strike 3-2: SINGLE (Line Drive, 4D, EV 97.5 MPH) Slamet Pamungkas to second Slamet Pamungkas to third
|
|
Batting: RHB Caleb Russell
|
0-0: Ball Francisco Gutierrez is caught stealing 2nd base 2-4
|
| Bottom of the 5th over - 0 runs, 2 hits, 0 errors, 1 left on base; New Orleans 4 - Indianapolis 2 |
| TOP OF THE 6TH |
|
New Orleans Zephyrs batting - Pitching for Indianapolis Indians : RHP Ian Toney
|
|
Batting: RHB Torquato Obawole
|
0-0: Called Strike 0-1: Foul Ball, location: 2F 0-2: Ground out U3 (Groundball, 34S, EV 79.4 MPH)
|
|
Batting: RHB Gavin Helton
|
0-0: Ground out 3-1 (Groundball, 34, EV 86.2 MPH)
|
|
Batting: RHB Bill de Jesus
|
0-0: SINGLE (Line Drive, 4D, EV 97.5 MPH)
|
|
Batting: RHB John Jackson
|
0-0: Fly out, F9 (Flyball, 9S, EV 77.5 MPH)
|
| Top of the 6th over - 0 runs, 1 hit, 0 errors, 1 left on base; New Orleans 4 - Indianapolis 2 |
| BOTTOM OF THE 6TH |
|
Indianapolis Indians batting - Pitching for New Orleans Zephyrs : RHP Nick Newmaster
|
|
Batting: RHB Caleb Russell
|
0-0: Ball 1-0: Fly out, F9 (Flyball, 9D, EV 106.9 MPH)
|
|
Batting: LHB Jorge Quintana
|
0-0: Called Strike 0-1: Ball 1-1: Ball 2-1: SINGLE (Line Drive, 4D, EV 96.2 MPH)
|
|
Batting: LHB Micah Boshnjaku
|
0-0: Called Strike Jorge Quintana steals 2nd, throwing error, E2 Jorge Quintana to third 0-1: Ball 1-1: Foul Ball, location: 2F 1-2: Ball 2-2: 2-RUN HOME RUN (Line Drive, 89XD, EV 105.0 MPH), Distance : 406 ft
|
|
Batting: SHB Trevor Weareorwear
|
0-0: Foul Ball, location: 2F 0-1: Ball 1-1: Ball 2-1: Called Strike 2-2: Ball 3-2: Base on Balls
|
|
Batting: RHB Matt Keef
|
0-0: Ball 1-0: Ball 2-0: SINGLE (Line Drive, 4D, EV 95.6 MPH) Trevor Weareorwear to second Runner from 2nd tries for 3rd, SAFE, no throw by CF
|
|
Batting: RHB Terry Sutherland
|
0-0: Ball Matt Keef is caught stealing 2nd base 2-4 1-0: Foul Ball, location: 2F 1-1: SINGLE (Groundball, 6MD, EV 101.9 MPH) (infield hit) Trevor Weareorwear scores
|
|
Pitching: LHP Gavrilo Brkic
|
|
|
Batting: RHB Chris McCoy
|
0-0: Called Strike 0-1: Ball 1-1: Ball 2-1: Ball 3-1: Called Strike 3-2: Fly out, F7 (Flyball, 7, EV 81.9 MPH)
|
| Bottom of the 6th over - 3 runs, 4 hits, 1 error, 1 left on base; New Orleans 4 - Indianapolis 5 |
| TOP OF THE 7TH |
|
New Orleans Zephyrs batting - Pitching for Indianapolis Indians : RHP Ian Toney
|
|
Batting: RHB Boof Howell
|
0-0: SINGLE (Groundball, 34D, EV 94.4 MPH)
|
|
Batting: LHB David Doge
|
0-0: Bunt missed! 0-1: Ball 1-1: Ball 2-1: Bunt - Flyout to 25! F5
|
|
Pitching: LHP Jason Salzer
|
|
|
Pinch Hitting: RHB Alex Gomez
|
0-0: Ball 1-0: Called Strike 1-1: Ball 2-1: Swinging Strike 2-2: Foul Ball, location: 2F 2-2: Foul Ball, location: 2F 2-2: Foul Ball, location: 2F 2-2: SINGLE (Flyball, 9LS, EV 93.8 MPH) Boof Howell to second Runner from 2nd tries for 3rd, OUT! 9-5
|
|
Batting: RHB Akira Suzuki
|
0-0: Fly out, F9 (Flyball, 9LD, EV 81.9 MPH)
|
| Top of the 7th over - 0 runs, 2 hits, 0 errors, 1 left on base; New Orleans 4 - Indianapolis 5 |
| BOTTOM OF THE 7TH |
|
Indianapolis Indians batting - Pitching for New Orleans Zephyrs : LHP Gavrilo Brkic
|
|
Now in LF: Dan Zink
|
|
|
Batting: RHB Slamet Pamungkas
|
0-0: Swinging Strike 0-1: Ground out 6-3 (Groundball, 6M, EV 86.2 MPH)
|
|
Batting: SHB Francisco Gutierrez
|
0-0: Ball 1-0: Called Strike 1-1: Ball 2-1: Ground out 3-1 (Groundball, 34, EV 97.5 MPH)
|
|
Batting: RHB Caleb Russell
|
0-0: Called Strike 0-1: Ball 1-1: Ball 2-1: Ball 3-1: Base on Balls
|
|
Batting: LHB Jorge Quintana
|
0-0: Ground out 4-3 (Groundball, 4, EV 102.5 MPH)
|
| Bottom of the 7th over - 0 runs, 0 hits, 0 errors, 1 left on base; New Orleans 4 - Indianapolis 5 |
| TOP OF THE 8TH |
|
New Orleans Zephyrs batting - Pitching for Indianapolis Indians : LHP Jason Salzer
|
|
Now in LF: Caleb Russell
|
|
|
Now in RF: Danny Gallegos
|
|
|
Pinch Hitting: RHB Dale Young
|
0-0: Ball 1-0: Hit by Pitch
|
|
Pitching: RHP Walt Quinn
|
|
|
Batting: RHB Torquato Obawole
|
0-0: Ball 1-0: Ball 2-0: Fly out, F7 (Line Drive, 7, EV 96.9 MPH)
|
|
Batting: RHB Gavin Helton
|
0-0: Fielders Choice at 2nd, 1-6 (Groundball, 13S, EV 75.0 MPH)
|
|
Pinch Hitting: LHB Jeff Tavella
|
0-0: SINGLE (Flyball, 8RS, EV 91.2 MPH) Gavin Helton to second Runner from 2nd tries for 3rd, OUT! 8-5
|
| Top of the 8th over - 0 runs, 1 hit, 0 errors, 1 left on base; New Orleans 4 - Indianapolis 5 |
| BOTTOM OF THE 8TH |
|
Indianapolis Indians batting - Pitching for New Orleans Zephyrs : LHP Gavrilo Brkic
|
|
Now at 1B: Jeff Tavella
|
|
|
Now at 2B: Dale Young
|
|
|
Now at SS: Torquato Obawole
|
|
|
Batting: LHB Micah Boshnjaku
|
0-0: Ball 1-0: Foul Ball, location: 2F 1-1: Fly out, F7 (Line Drive, 7LS, EV 95.6 MPH)
|
|
Batting: SHB Trevor Weareorwear
|
0-0: Ball 1-0: Ball 2-0: Ball 3-0: Called Strike 3-1: Foul Ball, location: 2F 3-2: Base on Balls
|
|
Batting: RHB Matt Keef
|
0-0: Foul Ball, location: 2F 0-1: Ball 1-1: Ball 2-1: Called Strike 2-2: Strikes out looking
|
|
Batting: RHB Terry Sutherland
|
0-0: Ground out 4-3 (Groundball, 4, EV 101.2 MPH)
|
| Bottom of the 8th over - 0 runs, 0 hits, 0 errors, 1 left on base; New Orleans 4 - Indianapolis 5 |
| TOP OF THE 9TH |
|
New Orleans Zephyrs batting - Pitching for Indianapolis Indians : RHP Walt Quinn
|
|
Pitching: RHP Kody Mason
|
|
|
Pinch Hitting: LHB Mike Kara
|
0-0: Called Strike 0-1: Ball 1-1: Fly out, F8 (Flyball, 78M, EV 77.5 MPH)
|
|
Batting: RHB Boof Howell
|
0-0: Ball 1-0: Called Strike 1-1: Foul Ball, location: 2F 1-2: Ball 2-2: Ball 3-2: Strikes out swinging
|
|
Batting: LHB David Doge
|
0-0: Called Strike 0-1: Swinging Strike 0-2: Ball 1-2: Fly out, F7 (Flyball, 7, EV 93.1 MPH)
|
| Top of the 9th over - 0 runs, 0 hits, 0 errors, 0 left on base; New Orleans 4 - Indianapolis 5 |
|